cohdb
Replays
Latest Replays
All Replays
Popular Replays
Top Player Replays
Match Explorer
How It Works
Community
CoH3 Stats
Reddit
Sign in to upload your games and track your stats! →
Sign in with Steam
Match 41055570
Unlisted
Match 41055570
Overview
Messages
Build Orders
End
Construct Section Command Post
Dingo Light Scout Car
Infantry Section
Infantry Section
Infantry Section
Construct Platoon Command Post
Humber Armored Car
Vickers Machine Gun Team
Royal Engineer Section
Grenade Package
Unlock M3 Stuart Light Tanks
M3 Stuart Light Tank
M3 Stuart Light Tank
M3 Stuart Light Tank
Light Vehicle Training
Selects Canadian Shock Battlegroup
Selects Attacking Spirit
Selects Canadian Shock Section
Selects Attacking Spirit
Selects Canadian Shock Section
Selects Smoke Operation
Selects Incendiary Munitions
Selects Pyrotechnics
Canadian Shock Section
Construct Company Command Post
Canadian Shock Section
Royal Engineer Section
Unlock M3 Grant Medium Tanks
Selects Churchill Crocodile Heavy Tank
M3 Grant Medium Tank
Smoke Operation
Canadian Shock Section
Construct Field Infirmary
カルト_くん
淡定红茶BlackTea
晴天小怪兽
영국은 똥이다
咸鱼光
Flobby
Ares
NO.2
0
0
Comments
sign in to comment!
No comments posted yet!